 Dungeon Crawl Stone Soup version 0.32-a0-473-gd044c6f0f0 (webtiles) character file.

Game seed: 2079943708860801998

57621 cforsyth the Warrior (level 14, 0/110 HPs)
             Began as a Coglin Gladiator on Feb 26, 2024.
             Was the Champion of Hepliaklqana.
             Slain by an orc warrior
             ... wielding a +0 scimitar
              (11 damage)
             ... on level 2 of the Orcish Mines.
             The game lasted 00:46:25 (22265 turns).

cforsyth the Warrior (Coglin Gladiator)            Turns: 22265, Time: 00:46:26

Health: 0/110      AC: 23    Str: 19    XL:     14   Next: 87%
Magic:  14/14      EV:  9    Int:  9    God:    Hepliaklqana [******]
Gold:   1816       SH:  0    Dex: 15    Spells: 13/13 levels left

rFire   + . .        a - +1 broad axe (flame) {Chun}
rCold   + . .        u - +2 war axe (elec) {Yejun}
rNeg    . . .        y - +0 chain mail
rPois   .            c - +0 helmet
rElec   .            U - +0 cloak
rCorr   .            B - +1 pair of gloves
SInv    .            f - +3 pair of seven-league boots {Rampage+∞}
Will    +....        C - amulet of regeneration Stlth
                     (ring unavailable)
HPRegen 1.18/turn    (ring unavailable)
MPRegen 0.14/turn

%: rampage+∞
@: marked, revved
A: reduced essence, cold resistance 1, fire resistance 1, off-hand wielding,
slow wielding, warmup strikes, no rings
a: Renounce Religion, Recall Ancestor, Ancestor Identity, Transference, Idealise


You were on level 2 of the Orcish Mines.
You worshipped Hepliaklqana.
Hepliaklqana was exalted by your worship.
You visited 4 branches of the dungeon, and saw 20 of its levels.
You also visited: Sewer and Gauntlet.

You collected 1816 gold pieces.


Innate Abilities, Weirdness & Mutations

Your life essence is reduced to manifest your ancestor. (-10% HP)
Your flesh is cold resistant. (rC+)
Your flesh is heat resistant. (rF+)
You can wield a second weapon in your off-hand.
It takes a long time for you to wield or remove held weapons.
Your first few attacks do less damage.
Your grasper-arms cannot wear rings.


   Skills:
 + Level 15.1 Fighting
 + Level 15.1 Axes
 - Level 1.7 Throwing
 + Level 13.7 Armour
 - Level 2.6 Dodging


You had 13 spell levels left.
You didn't know any spells.
Your spell library contained the following spells:

 Spells                   Type           Power      Damage    Failure   Level
 Freeze                   Ice            0%         1d3       89%         1
 Necrotise                Necr           0%         1d4       89%         1
 Cigotuvi's Dreadful Rot  Necr/Alch/Air  0%         N/A       96%         2
 Ensorcelled Hibernation  Hex/Ice        0%         N/A       96%         2
 Lesser Beckoning         Tloc           0%         N/A       96%         2
 Mercury Vapours          Alch/Air       0%         N/A       96%         2
 Dazzling Flash           Conj/Hex       0%         N/A       99%         3
 Frozen Ramparts          Ice            0%         1d1       99%         3
 Fugue of the Fallen      Necr           0%         N/A       99%         3
 Gell's Gravitas          Tloc           0%         N/A       99%         3
 Hailstorm                Conj/Ice       0%         3d5       99%         3
 Mephitic Cloud           Conj/Alch/Air  0%         N/A       99%         3
 Stone Arrow              Conj/Erth      0%         3d7       99%         3
 Summon Ice Beast         Ice/Summ       0%         N/A       99%         3
 Teleport Other           Tloc           0%         N/A       99%         3
 Vampiric Draining        Necr           0%         2d6       99%         3
 Anguish                  Hex/Necr       0%         N/A       100%        4
 Animate Armour           Summ/Erth      0%         N/A       100%        4
 Flame Wave               Conj/Fire      0%         2d4       100%        4
 Ignite Poison            Fire/Alch      0%         N/A       100%        4
 Leda's Liquefaction      Alch/Erth      0%         N/A       100%        4
 Martyr's Knell           Necr/Summ      0%         N/A       100%        4
 Sticky Flame             Fire/Alch      0%         2d4       100%        4
 Vhi's Electric Charge    Tloc/Air       0%         N/A       100%        4
 Arcjolt                  Conj/Air       0%         1d10      100%        5
 Curse of Agony           Necr           0%         N/A       100%        5
 Freezing Cloud           Conj/Ice/Air   0%         6-21      100%        5
 Silence                  Hex/Air        0%         N/A       100%        5
 Summon Mana Viper        Hex/Summ       0%         N/A       100%        5
 Yara's Violent Unravell  Hex/Alch       0%         3d3       100%        5
 Dispersal                Tloc           0%         N/A       100%        6
 Haunt                    Necr/Summ      0%         N/A       100%        7
 Monstrous Menagerie      Summ           0%         N/A       100%        7
 Borgnjor's Revivificati  Necr           0%         N/A       100%        8
 Lehudib's Crystal Spear  Conj/Erth      0%         10d2      100%        8
 Maxwell's Capacitive Co  Air            0%         ∞         100%        8
 Death's Door             Necr           0%         N/A       100%        9
 Fire Storm               Conj/Fire      0%         5d1       100%        9

Inventory:

Hand Weapons
 a - a +1 broad axe of flaming (weapon) {Chun}
 u - a +2 war axe of electrocution (offhand) {Yejun}
 O - a +3 hand axe {Raimund}
 Z - the +7 rapier "Tahoejim" {drain, rF++ Will+++ rCorr Str-4}
   (You found it on level 5 of the Lair of Beasts)

   Str-4:     It affects your strength (-4).
   rF++:      It greatly protects you from fire.
   Will+++:   It greatly increases your willpower.
   rCorr:     It protects you from acid and corrosion.
Missiles
 d - 5 throwing nets (quivered) {=f}
 e - 15 javelins
 x - 5 silver javelins
Armour
 c - a +0 helmet (worn)
 f - the +3 pair of seven-league boots (worn) {Rampage+∞}
   (You found it in a Gauntlet)

   Rampage+∞: When moving toward enemies, its wearer moves as far as possible,
   alerting their target en route.
 y - a +0 chain mail (worn)
 A - a scarf of shadows
 B - a +1 pair of gloves (worn)
 P - a +0 pair of gloves of dexterity
 U - a +0 cloak (worn)
Jewellery
 C - an amulet of regeneration (around neck)
 M - an amulet of the acrobat
Wands
 l - a wand of roots (7)
 w - a wand of charming (27)
 F - a wand of mindburst (15)
 I - a wand of flame (38)
 R - a wand of polymorph (7)
Scrolls
 b - 4 scrolls of noise
 m - a scroll of silence {!r}
 q - 2 scrolls of blinking
 r - 6 scrolls of enchant armour
 t - 3 scrolls of immolation
 v - 4 scrolls of teleportation {@r2}
 G - a scroll of vulnerability {unknown}
 N - a scroll of enchant weapon
 Q - 2 scrolls of poison
 V - 2 scrolls of fog
 W - 2 scrolls of fear
 X - a scroll of amnesia
Potions
 g - 8 potions of heal wounds {@q2}
 h - 3 potions of haste {@q3}
 i - 7 potions of curing {@q1}
 j - 3 potions of mutation
 n - 3 potions of might
 o - 2 potions of ambrosia
 p - 6 potions of invisibility
 z - 2 potions of lignification {unknown}
 D - 2 potions of resistance
 E - 4 potions of attraction
 H - 3 potions of enlightenment
 J - 2 potions of brilliance {unknown}
 L - 4 potions of cancellation
 T - a potion of berserk rage {!q}
 Y - a potion of magic {unknown}
Miscellaneous
 k - a phial of floods
 s - a condenser vane
 S - a phantom mirror

Dungeon Overview and Level Annotations

Branches:
Dungeon (12/15)            Temple (1/1) D:4            Lair (5/5) D:9
  Swamp (0/4) Lair:2       Spider (0/4) Lair:3        Slime (0/5) Lair:5
    Orc (2/2) D:10            Elf (0/3) Orc:2         Sewer (visited)
Gauntlet (visited)

Altars:
Ashenzari
Cheibriados
Dithmenos
Elyvilon
Fedhas
Gozag
Hepliaklqana
Kikubaaqudgha
Makhleb
Nemelex Xobeh
Okawaru
Qazlal
Ru
Sif Muna
Trog
Uskayaw
Vehumet
Wu Jian
Xom
Yredelemnul
Zin
The Shining One
Beogh
Jiyva

Shops:
D:1 (

Annotations:
D:12 2 transporters, Uphyux's ghost, journeyman TeCj
Lair:5 exclusion: oklob plant
Orc:1 3 runed translucent doors, Refias Xutt's ghost, journeyman DrAl

#....#....#
#....#....##
#.K........#
▒▒▒#.........## .
...........$.#
.....$........##
...............#
.....#....ooo..##
.#..R...o..o.@...#
.o.....o..R).K....#
#.......>o.o......#
..........).......#
..........^<....<.#
..................#
......o.$<.......##
K.........^.......#
.#...#..#...#...##


You could see the friendly Lissev the battlemage, 2 kobold blastminers, 3 orc
warriors, an orc priest and 4 orcs.


Message History

The orc warrior closely misses you.
The orc warrior hits you from afar with a +0 trident.
Lissev casts a spell at the kobold blastminer.
The puff of frost hits the orc warrior.
The kobold blastminer blasts its cannon at you.
The iron shot hits you!!
The kobold blastminer is knocked back by the blast.
You closely miss the orc warrior with your +2 war axe of electrocution.
The orc warrior is severely wounded.
You barely miss the orc warrior with your +1 broad axe of flaming.
The orc warrior hits you with a +0 scimitar.
The orc warrior hits you but does no damage.
The kobold blastminer shoots a bolt.
The bolt hits you.
* * * LOW HITPOINT WARNING * * *
Lissev casts a spell at the kobold blastminer.
The stone arrow misses the orc warrior.
Unknown command.
The orc hits you but does no damage.
The orc priest closely misses Lissev.
The orc warrior attacks as it pursues you!
The orc warrior hits you but does no damage.
The kobold blastminer blasts its cannon at you.
The iron shot hits you!!!
* * * LOW HITPOINT WARNING * * *
The kobold blastminer is knocked back by the blast.
The orc warrior hits you from afar with a +0 trident.
* * * LOW HITPOINT WARNING * * *
An orc comes into view. It is wielding a +0 dagger.
The orc warrior hits you with a +0 scimitar!
You die...
Hepliaklqana delivers you to your ancestors.

Skill      XL: |  1  2  3  4  5  6  7  8  9 10 11 12 13 14 |
---------------+-------------------------------------------+-----
Armour         | 1 2 3 4 5 7 8 10 11 12 13 | 13.7
Fighting       | 3 4 5 6 8 9 11 12 14 15 | 15.1
Axes           | 4 5 7 8 9 11 12 14 15 | 15.1
Throwing       | |  1.7
Dodging        | |  2.6

Action                     |  1- 3 |  4- 6 |  7- 9 | 10-12 | 13-15 || total
---------------------------+-------+-------+-------+-------+-------++-------
  Melee: War axe           |   164 |   184 |   241 |   327 |   447 ||  1363
         Hand axe          |       |       |   101 |   314 |   321 ||   736
         Broad axe         |       |       |       |       |   110 ||   110
  Throw: Javelin           |       |       |       |       |     2 ||     2
 Invoke: Recall Ancestor   |       |       |     1 |       |     4 ||     5
         Ancestor Life: Ba |       |       |     1 |       |       ||     1
  Evoke: Wand              |       |       |       |       |     6 ||     6
    Use: Scroll            |     4 |       |     4 |    13 |     6 ||    27
         Potion            |       |       |     2 |     6 |     1 ||     9
   Stab: Sleeping          |       |     1 |       |       |       ||     1
         Distracted        |       |       |     1 |     7 |     5 ||    13
         Held in net/web   |       |       |       |     4 |       ||     4
         Invisible         |       |       |       |     5 |       ||     5
 Armour: Leather armour    |    52 |    98 |    25 |       |       ||   175
         Chain mail        |       |       |   246 |   295 |   377 ||   918
  Dodge: Dodged            |    73 |   129 |   111 |   145 |   177 ||   635

Levels and vault maps discovered:
D:1:      scummos_arrival_star, layout_rooms, serial_shops, shop,
          hangedman_glass_teeth, lexackson_kobold_supper
D:2:      layout_basic, hellmonk_ecumenical_altar_inner_sanctum
D:3:      layout_loops_ring, gup_sewer_entry_spiral, minmay_divided_ellipse,
          uniq_terence
D:4:      layout_basic, minmay_temple_entry_glass, uniq_sigmund
D:5:      layout_cave_pools, minivault_24
D:6:      layout_basic, gammafunk_temple_of_torment,
          hangedman_abyss_or_decor_lesser_grid
D:7:      old_forge, layout_loops_ring, uniq_joseph, uniq_pikel,
          uniq_prince_ribbit1
D:8:      layout_basic, serial_curves, eino_curves_03, eino_curves_04,
          david_defended_altar_orc
D:9:      layout_gridville, dpeg_oklobed_lair, uniq_grum
D:10:     hangedman_cross_veins, layout_loops_cross, david_orc_5, billiards_dpeg
D:11:     layout_loops_cross, minivault_23, grunt_qazlal_clouds
D:12:     layout_roguey, gammafunk_ghost_berserking_beasts
Temple:   nicolae_temple_slightly_damp_pantheon
Lair:1:   layout_gridlike, gauntlet_entry_generic
Lair:2:   layout_big_grid, swamp_mist, lemuel_centaur_altar
Lair:3:   layout_gridlike, spider_nest_entry_funnel_web
Lair:4:   layout_big_grid, nicolae_lair_lil_pond, nzn_sisyphean_effort,
          serial_bayou_shore_b
Lair:5:   gammafunk_lair_ancient_temple, layout_regular_city,
          dpeg_slime_entry_enclosed, minmay_lair_oklob_bushes
Orc:1:    layout_caves, biasface_ghost_orc_armoury, guppyfry_library_mini
Orc:2:    st_orc_congregation, layout_caves, uniq_azrael

Notes
Turn   | Place    | Note
-------+----------+-------------------------------------------
     0 | D:1      | cforsyth the Coglin Gladiator began the quest for the Orb.
     0 | D:1      | Reached XP level 1. HP: 16/16 MP: 1/1
    64 | D:1      | Reached XP level 2. HP: 22/22 MP: 2/2
    74 | D:1      | Found Ixurghe's Antique Weapon Shop.
   377 | D:1      | Reached skill level 1 in Armour
   824 | D:2      | Reached XP level 3. HP: 28/28 MP: 3/3
   951 | D:2      | Found a faded altar of an unknown god.
  1313 | D:3      | Reached skill level 3 in Fighting
  1313 | D:3      | Reached XP level 4. HP: 19/35 MP: 4/4
  1416 | D:3      | Noticed Terence
  1430 | D:3      | Killed Terence
  1459 | D:3      | Reached skill level 2 in Armour
  1528 | D:3      | Found a glowing drain.
  1532 | Sewer    | Entered a sewer
  1591 | Sewer    | Reached skill level 4 in Axes
  1591 | Sewer    | Reached XP level 5. HP: 41/41 MP: 5/5
  1817 | Sewer    | Noticed a kobold brigand
  1830 | Sewer    | Killed a kobold brigand
  1831 | Sewer    | Reached XP level 6. HP: 21/48 MP: 6/6
  1994 | Sewer    | Reached skill level 4 in Fighting
  1998 | Sewer    | Reached skill level 3 in Armour
  2885 | D:3      | Reached XP level 7. HP: 50/55 MP: 7/7
  2890 | D:3      | Reached skill level 5 in Axes
  3470 | D:4      | Noticed Sigmund
  3489 | D:4      | Killed Sigmund
  3490 | D:4      | Reached skill level 5 in Fighting
  3490 | D:4      | Reached skill level 4 in Armour
  3589 | D:4      | Found a staircase to the Ecumenical Temple.
  3645 | Temple   | Entered the Ecumenical Temple
  3659 | Temple   | Became a worshipper of Hepliaklqana the Forgotten
  3703 | D:4      | HP: 5/56 [ogre/+0 giant club (17)]
  3706 | D:4      | HP: 2/84 [ogre/+0 giant club (7)]
  4410 | D:3      | Reached XP level 8. HP: 62/63 MP: 8/8
  5034 | D:5      | Entered Level 5 of the Dungeon
  5293 | D:5      | Reached * piety under Hepliaklqana
  5402 | D:5      | Reached skill level 6 in Axes
  5491 | D:5      | Reached skill level 6 in Fighting
  5491 | D:5      | Reached skill level 5 in Armour
  6170 | D:6      | Reached skill level 7 in Axes
  6170 | D:6      | Reached XP level 9. HP: 63/63 MP: 9/9
  6480 | D:6      | Found a transporter.
  6480 | D:6      | Found an ancient bone altar of Kikubaaqudgha.
  6481 | D:6      | Noticed Menkaure
  6517 | D:6      | Reached ** piety under Hepliaklqana
  6518 | D:6      | Remembered your ancestor Lissev as a battlemage
  6636 | D:6      | Found a transporter.
  6657 | D:6      | Found a basalt altar of Yredelemnul.
  6814 | D:7      | Reached skill level 7 in Fighting
  6851 | D:7      | Reached skill level 6 in Armour
  6871 | D:7      | Noticed Prince Ribbit
  6877 | D:7      | Killed Prince Ribbit
  6981 | D:7      | Noticed Pikel
  6996 | D:7      | Killed Pikel
  6997 | D:7      | Reached skill level 8 in Axes
  7026 | D:7      | Reached skill level 8 in Fighting
  7143 | D:7      | Reached skill level 7 in Armour
  7266 | D:7      | Noticed Joseph
  7281 | D:7      | Killed Joseph
  7282 | D:7      | Reached XP level 10. HP: 42/73 MP: 10/10
  7492 | D:7      | Found the +11 Singing Sword {sonic wave}
  8044 | D:8      | Paralysed by a hornet for 1 turns
  8245 | D:8      | Reached skill level 9 in Axes
  8322 | D:8      | Found a burning altar of Makhleb.
  8444 | D:8      | Reached skill level 9 in Fighting
  8705 | D:8      | Reached skill level 8 in Armour
  9156 | D:8      | Reached *** piety under Hepliaklqana
  9544 | D:9      | Found a staircase to the Lair.
  9565 | D:9      | Noticed Grum
  9579 | D:9      | Killed Grum
 10010 | D:9      | Noticed a kobold demonologist
 10167 | D:9      | Killed a kobold demonologist
 10168 | D:9      | Reached XP level 11. HP: 80/81 MP: 11/11
 10198 | D:9      | Reached skill level 10 in Axes
 10421 | D:9      | Reached skill level 10 in Fighting
 10434 | D:9      | Reached skill level 9 in Armour
 10802 | D:10     | Entered Level 10 of the Dungeon
 10855 | D:10     | Noticed a two-headed ogre
 10860 | D:10     | a polar bear changed into an entropy weaver
 10860 | D:10     | Noticed an entropy weaver (shapeshifter)
 10862 | D:10     | Killed a two-headed ogre
 11116 | D:10     | Noticed a cyclops
 11133 | D:10     | Killed a cyclops
 11167 | D:10     | Noticed a seven-headed hydra
 11410 | Lair:1   | Entered Level 1 of the Lair of Beasts
 11521 | Lair:1   | Reached **** piety under Hepliaklqana
 11542 | Lair:1   | Reached skill level 11 in Axes
 11630 | Lair:1   | Found a gate leading to a gauntlet.
 11641 | Lair:1   | Reached skill level 11 in Fighting
 11662 | Gauntlet | Entered a Gauntlet
 11662 | Gauntlet | Found a transporter.
 11674 | Gauntlet | Noticed a soul eater
 11851 | Gauntlet | Found a transporter.
 11859 | Gauntlet | Found a runed translucent gate.
 11859 | Gauntlet | Found a runed translucent gate.
 11859 | Gauntlet | Found a runed translucent gate.
 11861 | Gauntlet | Found a transporter.
 11864 | Gauntlet | Found a transporter.
 11867 | Gauntlet | Noticed a blizzard demon
 11873 | Gauntlet | Found a transporter.
 11886 | Gauntlet | Found the +3 pair of seven-league boots {Rampage+∞}
 11888 | Gauntlet | Found a transporter.
 11888 | Gauntlet | Noticed a reaper
 11902 | Gauntlet | Noticed a hell beast
 11903 | Gauntlet | Found a transporter.
 11910 | Gauntlet | Noticed a death yak
 11911 | Gauntlet | Noticed a death yak
 11911 | Gauntlet | Noticed a death yak
 11912 | Gauntlet | Noticed a death yak
 11913 | Gauntlet | Found a transporter.
 11931 | Gauntlet | Found a transporter.
 11931 | Gauntlet | Found a transporter.
 11953 | Gauntlet | Found a transporter.
 11956 | Gauntlet | Found a transporter.
 11972 | Gauntlet | Found a transporter.
 12079 | Gauntlet | Found a transporter.
 12082 | Gauntlet | Found a runed translucent door.
 12202 | Gauntlet | Killed a soul eater
 12203 | Gauntlet | Reached skill level 10 in Armour
 12504 | Gauntlet | Reached XP level 12. HP: 89/90 MP: 12/12
 12916 | Gauntlet | Identified the ring of Xiomuav {rC+ Str+4 Slay+4}
 12916 | Gauntlet | Noticed a minotaur
 12927 | Gauntlet | Killed a minotaur
 13099 | Gauntlet | Got the Writings on the Dragon
 14045 | Lair:2   | Found an opulent altar of Gozag.
 14056 | Lair:2   | Reached skill level 12 in Axes
 14061 | Lair:2   | Reached skill level 12 in Fighting
 14573 | Lair:2   | Found a staircase to the Swamp.
 14690 | Lair:2   | Reached skill level 11 in Armour
 14933 | Lair:3   | Reached ***** piety under Hepliaklqana
 15251 | Lair:3   | Found a hole to the Spider Nest.
 15258 | Lair:3   | Gained mutation: Your flesh is cold resistant. (rC+)
                  | [Coglin growth]
 15258 | Lair:3   | Gained mutation: Your flesh is heat resistant. (rF+)
                  | [Coglin growth]
 15258 | Lair:3   | Reached XP level 13. HP: 74/98 MP: 13/13
 15998 | Lair:4   | Reached skill level 13 in Fighting
 15998 | Lair:4   | Reached skill level 13 in Axes
 16034 | Lair:4   | Identified the +7 hand axe of Midnight {heavy, rC- Int+3
                  | Dex+4 Stlth+}
 16541 | Lair:5   | Entered Level 5 of the Lair of Beasts
 16771 | Lair:5   | Reached skill level 12 in Armour
 17098 | Lair:5   | Got Honiod's Elucidation of Poisonous Ignition
 17185 | Lair:5   | Identified the +7 rapier "Tahoejim" {drain, rF++ Will+++
                  | rCorr Str-4}
 17581 | D:6      | Killed Menkaure
 17943 | D:10     | Noticed a rakshasa
 17956 | D:10     | Killed a rakshasa
 18163 | D:10     | Reached skill level 14 in Fighting
 18163 | D:10     | Reached skill level 14 in Axes
 18280 | D:10     | Reached XP level 14. HP: 91/108 MP: 14/14
 18460 | D:10     | Found a roughly hewn altar of Beogh.
 18460 | D:10     | Found a staircase to the Orcish Mines.
 18533 | D:10     | Reached ****** piety under Hepliaklqana
 18944 | D:11     | Found a stormy altar of Qazlal.
 19582 | D:12     | Reached skill level 13 in Armour
 20107 | D:12     | Identified a scroll of acquirement
 20108 | D:12     | Acquired a +1 broad axe of flaming
 20178 | D:12     | Found a transporter.
 20186 | D:12     | Noticed Uphyux's ghost (journeyman TeCj)
 20199 | D:12     | Found a transporter.
 20980 | Lair:5   | Reached skill level 15 in Fighting
 21198 | Lair:5   | Found a viscous altar of Jiyva.
 21199 | Lair:5   | Found a staircase to the Slime Pits.
 21597 | Orc:1    | Entered Level 1 of the Orcish Mines
 21599 | Orc:1    | Reached skill level 15 in Axes
 21693 | Orc:1    | Found a runed translucent gate.
 21693 | Orc:1    | Found a runed translucent gate.
 21693 | Orc:1    | Found a runed translucent gate.
 21701 | Orc:1    | Noticed Refias Xutt's ghost (journeyman DrAl)
 21711 | Orc:1    | Identified the +0 chain mail of Fic Dosa {rC- rN++ Slay+2
                  | Stlth+}
 21847 | Orc:1    | Identified 2 potions of resistance
 22157 | Orc:1    | Found a roughly hewn altar of Beogh.
 22175 | Orc:2    | Entered Level 2 of the Orcish Mines
 22175 | Orc:2    | Found a staircase to the Elven Halls.
 22265 | Orc:2    | HP: 11/110 [orc warrior/+0 trident (4)]
 22265 | Orc:2    | Slain by an orc warrior

Vanquished Creatures
  A minotaur (Gauntlet)
  2 hydras
  2 boulder beetles
  A two-headed ogre (D:11)
  2 death yaks (Lair:5)
  2 skeletal warriors (D:12)
  A skyshark (Lair:5)
  2 sea snakes (Lair:5)
  Pikel (D:7)
  2 wolf spiders
  2 deep elf pyromancers (D:10)
  3 kobold blastminers (Orc:1)
  2 cyclopes
  2 black mambas
  A gargoyle (D:10)
  5 torpor snails
  12 cane toads
  A kobold demonologist (D:9)
  8 komodo dragons
  2 rime drakes (Lair:5)
  3 trolls
  A hornet (D:8)
  A polar bear (Lair:5)
  4 blink frogs
  Prince Ribbit (D:7)
  8 dream sheep
  A glass eye (Gauntlet)
  A shadow (D:11)
  Sigmund (D:4)
  4 basilisks
  41 yaks
  2 wraiths
  A yak (shapeshifter) (D:10)
  2 wyverns
  A redback (Lair:3)
  A warg (Orc:1)
  11 water moccasins
  2 acid dragons
  10 orc warriors
  An ice beast (D:6)
  3 wolves
  3 ogres
  13 centaurs
  A phantom (D:6)
  3 kobold brigands
  A wyvern zombie (D:6)
  A brain worm (shapeshifter) (D:9)
  9 bullfrogs
  5 scorpions
  A gnoll sergeant (D:10)
  A burial acolyte (D:6)
  3 wights
  6 howler monkeys
  2 bombardier beetles
  4 jellies
  2 hounds
  A bullfrog skeleton (D:6)
  15 orc priests
  A gnoll bouda (D:6)
  A sleepcap (D:6)
  Terence (D:3)
  5 iguanas
  14 orc wizards
  A mummy (D:6)
  6 gnolls
  11 adders
  5 river rats (Sewer)
  5 shadow imps
  A howler monkey simulacrum (D:10)
  2 white imps
  4 ufetubi
  4 dart slugs
  42 orcs
  4 endoplasms
  6 giant cockroaches
  4 goblins
  5 hobgoblins
  28 kobolds
  5 quokkas
  8 ball pythons
  4 bats
  4 frilled lizards
  28 rats
424 creatures vanquished.

Vanquished Creatures (collateral kills)
  A rakshasa (D:10)
  A merfolk avatar (Lair:5)
  3 two-headed ogres
  A death yak (Lair:5)
  A soul eater (Gauntlet)
  2 skysharks (Lair:5)
  A skeletal warrior (D:11)
  A cyclops (D:10)
  An orc sorcerer (Orc:1)
  A kobold blastminer (Orc:1)
  Joseph (D:7)
  3 black mambas
  A cane toad (Lair:4)
  An eye of devastation (Gauntlet)
  5 komodo dragons
  2 kobold demonologists
  3 unseen horrors
  A yaktaur (D:10)
  2 trolls
  A snapping turtle (Lair:5)
  2 dream sheep (Lair:4)
  2 blink frogs
  A wyvern (Lair:5)
  19 yaks
  A basilisk (Lair:1)
  A golden eye (Gauntlet)
  2 steam dragons
  Grum (D:9)
  Menkaure (D:6)
  5 water moccasins
  2 orc warriors (D:10)
  2 ogres
  2 centaurs
  5 wolves
  A lemure (D:7)
  A kobold brigand (D:10)
  5 bullfrogs
  3 scorpions
  4 wights
  A howler monkey (D:10)
  An orc priest (D:10)
  A jelly (D:7)
  8 orc wizards
  3 gnolls
  An adder (D:7)
  15 orcs
  3 bats (D:7)
  8 kobolds
134 creatures vanquished.

Vanquished Creatures (others)
  10 battlemagi
  An orc wizard (Orc:1)
  An ancestor (D:6)
12 creatures vanquished.

Grand Total: 570 creatures vanquished

Table legend: (Time is in decaauts)
 A = Elapsed time spent in this place.
 B = Non-inter-level travel time spent in this place.
 C = Inter-level travel time spent in this place.
 D = Time resting spent in this place.
 E = Time spent auto-exploring this place.
 F = Levels seen in this place.
 G = Mean time per level.
                   A        B        C        D        E       F      G
               +--------+--------+--------+--------+--------+-----+--------+
         Total |  22423 |  21160 |   1263 |   2890 |  13719 |  22 | 1019.2 |
       Dungeon |  13723 |  12972 |    751 |   1529 |   8837 |  12 | 1143.6 |
        Temple |     28 |     14 |     14 |      0 |      0 |   1 |   28.0 |
          Lair |   5653 |   5156 |    497 |    758 |   3398 |   5 | 1130.6 |
  Orcish Mines |    655 |    655 |      0 |     33 |    472 |   2 |  327.5 |
         Sewer |    837 |    837 |      0 |      8 |    572 |   1 |  837.0 |
      Gauntlet |   1524 |   1524 |      0 |    562 |    439 |   1 | 1524.0 |
               +--------+--------+--------+--------+--------+-----+--------+

Top non-repeatable levels by time:
     D:9: 1916 daAuts
     D:8: 1634 daAuts
     D:4: 1624 daAuts
     D:3: 1558 daAuts
Gauntlet: 1524 daAuts
  Lair:5: 1486 daAuts
    D:10: 1234 daAuts
     D:7: 1210 daAuts
  Lair:4: 1111 daAuts
  Lair:2: 1096 daAuts
  Lair:1: 1029 daAuts
     D:6: 933 daAuts
  Lair:3: 930 daAuts
    D:11: 870 daAuts
   Sewer: 837 daAuts

Table legend:
 A = Non-vault XP
 B = Vault XP
 C = Vault XP percentage of total XP
 D = Non-vault monster count
 E = Vault monster count
 F = Vault count percentage of total count
                 A         B        C        D         E       F
            +---------+---------+-------+---------+---------+-------
      Total |   57629 |   24688 |  30.0 |     373 |     184 |  33.0
            +---------+---------+-------+---------+---------+-------
        D:1 |      17 |       9 |  34.6 |      11 |       8 |  42.1
        D:2 |      47 |       0 |   0.0 |      11 |       0 |   0.0
        D:3 |     119 |     271 |  69.5 |      13 |      20 |  60.6
        D:4 |     424 |     223 |  34.5 |      18 |       1 |   5.3
        D:5 |     694 |       0 |   0.0 |      16 |       0 |   0.0
        D:6 |     481 |     506 |  51.3 |      12 |       6 |  33.3
        D:7 |    1177 |    1704 |  59.1 |      20 |      14 |  41.2
        D:8 |    2182 |     127 |   5.5 |      23 |       3 |  11.5
        D:9 |    2479 |     741 |  23.0 |      25 |       6 |  19.4
       D:10 |    1522 |    8731 |  85.2 |      26 |      41 |  61.2
       D:11 |    4625 |       0 |   0.0 |      28 |       0 |   0.0
       D:12 |    7142 |       0 |   0.0 |      22 |       0 |   0.0
     Lair:1 |    6073 |       0 |   0.0 |      29 |       0 |   0.0
     Lair:2 |    5389 |     452 |   7.7 |      20 |       4 |  16.7
     Lair:3 |    3695 |     764 |  17.1 |      18 |       2 |  10.0
     Lair:4 |    4285 |     825 |  16.1 |      16 |       1 |   5.9
     Lair:5 |   13611 |    6555 |  32.5 |      36 |      16 |  30.8
      Orc:1 |    3243 |     790 |  19.6 |      26 |      10 |  27.8
      Orc:2 |     424 |       0 |   0.0 |       3 |       0 |   0.0
      Sewer |       0 |     307 | 100.0 |       0 |      43 | 100.0
   Gauntlet |       0 |    2683 | 100.0 |       0 |       9 | 100.0
            +---------+---------+-------+---------+---------+-------
